cohdb
Replays
Latest Replays
All Replays
Popular Replays
Top Player Replays
Match Explorer
How It Works
Community
CoH3 Stats
Reddit
Sign in to upload your games and track your stats! →
Sign in with Steam
Match 36669621
Unlisted
Match 36669621
Overview
Messages
Build Orders
End
Panzergrenadier Squad
Selects Battlefield Espionage Battlegroup
Panzergrenadier Squad
Panzergrenadier Squad
Construct Light Support Kompanie
Fire Support Elements
MG34 Team
Selects Intel Disruption Beacon
le.IG 18 Support Gun Team
2.5-tonne Medical Truck
Pak 38 Mechanized Group
Veteran Squad Leaders
Construct Panzerarmee Kommand
Forward Retreat Point
Armored Reserves
Selects 250/3 Funkpanzerwagen
Selects Anti-Tank Incendiary Munitions
Selects Plunder
UH|dun! ツ
UH|ck
UH|XTC
iceman
Cpt.Bod
giovannisebastiano
Norbert
Ninja195
0
0
Comments
sign in to comment!
No comments posted yet!